 Dungeon Crawl Stone Soup version 0.24-a0-528-g98e85ec62a (webtiles) character file.

Game seed: 14373300167165210721

785 Gargoyl the Skirmisher (level 7, -2/59 HPs)
             Began as a Centaur Abyssal Knight on Aug 5, 2019.
             Was a Believer of Lugonu.
             Slain by Menkaure (17 damage)
             ... on level 5 of the Dungeon.
             The game lasted 00:07:23 (6540 turns).

Gargoyl the Skirmisher (Centaur Abyssal Knight)     Turns: 6540, Time: 00:07:24

Health: -2/59      AC:  9    Str: 14    XL:     7   Next: 56%
Magic:  9/9        EV:  2    Int: 11    God:    Lugonu [**....]
Gold:   216        SH:  8    Dex: 11    Spells: 6/6 levels left

rFire    + . .     SeeInvis .   a - +1 hand axe
rCold    . . .     Gourm    .   q - +1 shield (curse)
rNeg     . . .     Faith    .   t - +1 chain mail
rPois    .         Spirit   .   (no helmet)
rElec    .         Reflect  .   (no cloak)
rCorr    .         Harm     .   (no gloves)
MR       .....                  (no barding)
Stlth    ..........             (no amulet)
HPRegen  0.19/turn              d - ring of protection from fire
MPRegen  0.11/turn              (no ring)

@: very quick
A: large, hooves 3, deformed body, speed 2, tough skin 3
a: Depart the Abyss, Bend Space, Renounce Religion


You were on level 5 of the Dungeon.
You worshipped Lugonu.
Lugonu was pleased with you.
You were not hungry.

You visited 1 branch of the dungeon, and saw 5 of its levels.
You visited the Abyss 1 time.
You also visited: Sewer.

You collected 216 gold pieces.

Inventory:

Hand Weapons
 a - a +1 hand axe (weapon)
Armour
 q - a cursed +1 shield (worn)
 t - a +1 chain mail (worn)
Jewellery
 d - a ring of protection from fire (left hand)
Wands
 e - a wand of flame (18)
 r - a wand of iceblast (6)
Scrolls
 b - a scroll of remove curse {unknown}
 g - a scroll of teleportation
 h - a scroll of magic mapping
 n - a scroll of identify
Potions
 f - 4 potions of curing
 i - 3 potions of brilliance
 j - a potion of magic {unknown}
 k - 3 potions of heal wounds {unknown}
 l - a potion of degeneration {unknown}
 m - a potion of berserk rage {unknown}
 o - 3 potions of flight {unknown}
Comestibles
 c - 10 rations
 p - a chunk of flesh


   Skills:
 + Level 4.2 Fighting
 + Level 3.6 Axes
 + Level 0.7 Throwing
 * Level 4.1 Armour
 * Level 2.5 Dodging
 + Level 0.2 Shields
 * Level 3.7 Invocations


You had 6 spell levels left.
You didn't know any spells.
Your spell library was empty.

Dungeon Overview and Level Annotations

Branches:
Dungeon (5/15)             Temple (0/1) D:4

Altars:
Elyvilon
Hepliaklqana
Nemelex Xobeh
Uskayaw
The Shining One

Annotations:
D:4 2 transporters
D:5 Menkaure


Innate Abilities, Weirdness & Mutations

You have hooves in place of feet.
Armour fits poorly on your strangely shaped body.
You cover ground very quickly.
You have extremely tough skin. (AC +3)


Message History

You completely miss Menkaure.
Menkaure points at you and mumbles some strange words.
Pain shoots through your body! You block Menkaure's attack.
Your shield and chain mail prevent you from hitting Menkaure.
Menkaure hits you but does no damage.
Your chain mail prevents you from hitting Menkaure.
Your kick misses Menkaure.
Menkaure gestures at you while chanting.
Pain shoots through your body! Menkaure hits you!
You closely miss Menkaure. You block Menkaure's attack.
Your chain mail prevents you from hitting Menkaure.
Menkaure calls on the powers of darkness!
Your body is wracked with pain!
* * * LOW HITPOINT WARNING * * *
You hit Menkaure.
Menkaure is lightly damaged.
Menkaure hits you.
* * * LOW HITPOINT WARNING * * *
Menkaure hits you!
You die...

## #. #.
#. #.
#M##
#.@######
#..#....#
#.......#
##.....##
#.....##
##...###
##.####
##.##
#####
##.##
##...##


You could see Menkaure.

Vanquished Creatures
  Sigmund (D:3)
  An ogre (D:2)
  2 phantoms (D:4)
  A big kobold (Sewer)
  2 orc priests
  2 orc wizards
  A worker ant (D:3)
  A worker ant zombie (D:5)
  3 adders
  2 river rats (Sewer)
  An ooze (D:1)
  4 worms
  2 dart slugs
  A leopard gecko (D:1)
  9 orcs
  6 bats
  6 giant cockroaches
  4 goblins
  4 hobgoblins
  7 jackals
  16 kobolds
  A quokka (D:2)
  A ball python (D:2)
  A frilled lizard (D:4)
  9 rats
88 creatures vanquished.

Notes
Turn   | Place    | Note
-------+----------+-------------------------------------------
     0 | Abyss:1  | Gargoyl the Centaur Abyssal Knight began the quest for the
                  | Orb.
     0 | Abyss:1  | Reached XP level 1. HP: 19/19 MP: 2/2
    10 | Abyss:1  | Found a shimmering altar of Xom.
    52 | Abyss:1  | Noticed a quasit
    81 | Abyss:1  | Noticed an insubstantial wisp
    88 | Abyss:1  | Noticed a wretched star
    90 | D:1      | Escaped the Abyss
   256 | D:1      | Reached XP level 2. HP: 19/26 MP: 3/3
   333 | D:1      | Reached * piety under Lugonu
   875 | D:2      | Reached XP level 3. HP: 24/31 MP: 4/4
   979 | D:2      | Found a white marble altar of Elyvilon.
  1205 | D:1      | Reached skill level 1 in Dodging
  1510 | D:2      | Found a glowing golden altar of the Shining One.
  1562 | D:2      | HP: 1/31 [worm (5)]
  2629 | D:3      | Noticed Sigmund
  2708 | D:3      | Noticed an ogre
  2729 | D:2      | Reached XP level 4. HP: 29/39 MP: 5/5
  3026 | D:3      | Killed Sigmund
  3026 | D:3      | Reached XP level 5. HP: 29/46 MP: 5/7
  3436 | D:3      | Reached XP level 6. HP: 33/52 MP: 8/8
  3751 | D:3      | Found a sparkling altar of Nemelex Xobeh.
  4484 | D:4      | Reached ** piety under Lugonu
  4909 | D:4      | Found a glowing drain.
  4920 | Sewer    | Entered a sewer
  4934 | Sewer    | Reached XP level 7. HP: 16/59 MP: 9/9
  5341 | Sewer    | Found a white marble altar of Elyvilon.
  5425 | D:4      | Found a staircase to the Ecumenical Temple.
  5522 | D:4      | Found a transporter.
  5597 | D:4      | Found a transporter.
  5893 | D:4      | Found a hazy altar of Hepliaklqana.
  5929 | D:4      | Found a hide-covered altar of Uskayaw.
  6337 | D:5      | Entered Level 5 of the Dungeon
  6530 | D:5      | Noticed Menkaure
  6540 | D:5      | Slain by Menkaure

Levels and vault maps discovered:
D:1:      sevenhm_arrival_forest_fort_large_2, layout_loops_ring
D:2:      layout_loops_corners, elyvilon_altar_4, nicolae_tso_carved_into_rock
D:3:      layout_basic, lemuel_coloured_pillars_altar, first_ration,
          uniq_sigmund
D:4:      gammafunk_steamed_eel, layout_gridville, lemuel_round_altar,
          eat_drink_and_be_merry_uskayaw, minmay_temple_entry_slanted,
          cheibrodos_sewer_entry_drain
D:5:      layout_layer_cave, uniq_menkaure, uniq_pikel

Skill      XL: |  1  2  3  4  5  6  7 |
---------------+----------------------+-----
Axes           | 2 3 |  3.6
Dodging        | 1 2 |  2.5
Armour         | 2 3 4 |  4.1
Invocations    | 3 |  3.7
Fighting       | 4 |  4.2
Throwing       | |  0.7
Shields        | |  0.2

Action                   |  1- 3 |  4- 6 |  7- 9 || total
-------------------------+-------+-------+-------++-------
Melee: Hand axe          |   123 |    99 |    98 ||   320
       Kick              |    24 |    19 |    15 ||    58
Throw: Boomerang         |       |    12 |     2 ||    14
Invok: Depart the Abyss  |     1 |       |       ||     1
Evoke: Wand              |       |     2 |       ||     2
  Use: Scroll            |     6 |     3 |     2 ||    11
       Potion            |       |       |     2 ||     2
  Eat: Chunk             |     3 |     4 |     5 ||    12
       Ration            |       |     1 |       ||     1
Armor: Leather armour    |    55 |     7 |       ||    62
       Ring mail         |       |    38 |       ||    38
       Chain mail        |       |    10 |    81 ||    91
Dodge: Dodged            |    67 |    65 |     6 ||   138
Block: Shield            |       |     4 |    39 ||    43

Table legend:
 A = Non-vault XP
 B = Vault XP
 C = Vault XP percentage of total XP
 D = Non-vault monster count
 E = Vault monster count
 F = Vault count percentage of total count
                 A         B        C        D         E       F
            +---------+---------+-------+---------+---------+-------
      Total |     763 |     359 |  32.0 |      77 |      11 |  12.5
            +---------+---------+-------+---------+---------+-------
        D:1 |      52 |       0 |   0.0 |      21 |       0 |   0.0
        D:2 |     167 |       0 |   0.0 |      22 |       0 |   0.0
        D:3 |     161 |     223 |  58.1 |      21 |       1 |   4.5
        D:4 |     280 |       4 |   1.4 |       8 |       3 |  27.3
        D:5 |     103 |       0 |   0.0 |       5 |       0 |   0.0
      Sewer |       0 |     132 | 100.0 |       0 |       7 | 100.0
            +---------+---------+-------+---------+---------+-------
